AoeStats
← turcoocacn

Arena

506751288Analyzed
1v1 RM · 16d ago on Sep 15, 2026· 37m 3s· 2 players
Game mode
Random Map
Map size
Tiny (2 player)
Population
200
Speed
Normal
Resources
Standard
Victory
Conquest
Starting age
Dark Age
Ending age
Imperial Age
RankedLock teamsTeams togetherTeam positionsShared explorationLock speedFull tech treeHidden civsTurbo modeCheats
Victory
Defeat
🇦🇷 Maya · Argentina
696
+30
🇺🇸 Burgundians · United States
687
-16
[OMG2KAWAII] Macduffer
3:11 Loom
6:13 Horse Collar
12:28 Feudal Age
11:52 Double-Bit Axe
14:39 Heavy Plow
17:38 Castle Age
16:05 Heavy Plow
21:03 Bow Saw
29:46 Crop Rotation
29:25 Burgundian Vineyards
30:24 Two-Man Saw
29:17 Gold Mining
29:17 Stone Mining
32:08 Treadmill Crane
32:25 Murder Holes
32:56 Ballistics
35:10 Imperial Age
33:18 Wheelbarrow
32:30 Town Watch
33:59 Scale Barding Armor
34:04 Forging
33:46 Fletching
33:51 Cavalier
34:32 Husbandry
35:33 Chain Barding Armor
37:42 Chemistry
turcoocacn
0:35 Loom
11:49 Feudal Age
16:22 Castle Age
14:23 Double-Bit Axe
18:54 Bow Saw
20:29 Stone Mining
20:22 Horse Collar
22:26 Gold Mining
23:49 Fletching
24:48 Crossbowman
26:44 Wheelbarrow
26:46 Town Watch
31:24 Imperial Age
29:32 Padded Archer Armor
31:29 Hand Cart
31:54 Stone Shaft Mining
31:21 Bodkin Arrow
31:42 Leather Archer Armor
34:00 Chemistry
33:37 Bracer
34:06 Thumb Ring
34:50 Conscription
34:01 Pikeman
35:03 Treadmill Crane
37:01 Arbalester
Connection lost

Rejoining the realm…

Still unreachable

The connection could not be restored.

Session expired

The server has moved on; the page needs a fresh start.